[Event "fics rated crazyhouse match"]
[Site "fics, Oklahoma City, OK USA"]
[Date "2000.03.28"]
[White "Eyefor"]
[WhiteElo "2323"]
[Black "LordPixel"]
[BlackElo "2336"]
[TimeControl "0+1"]
[Result "0-1"]

1. e4 e6 2. d4 d5 3. exd5 exd5 4. Bb5+ c6 5. Qe2+ Qe7 6. Bf4 
cxb5 7. Qxe7+ Bxe7 8. Q@c7 Bb4+ 9. Nc3 Bxc3+ 10. bxc3 Q@e6+ 11. P@e5 P@b2 
12. Rb1 B@b6 13. Qxb8 Rxb8 14. N@d6+ Kf8 15. Rxb2 Q@a3 16. Nxb5 Qxb2 17. B@a3+ 
Qxa3 18. Nxa3 R@a1+ 19. Q@c1 Rxc1+ 20. Bxc1 Q@a1 21. Ne2 N@f4 22. R@b1 Nxg2+ 
23. Kf1 Qxa2 24. Rxb6 axb6 25. B@d6+ Qxd6 26. exd6 R@e1+ 27. Kxg2 P@h3+ 28. Kg3 
Rxe2 29. Q@d8+ B@e8 30. P@e7+ Nxe7 31. dxe7+ Rxe7 32. P@c7 N@e2+ 33. Kh4 B@f6+ 
34. N@g5 Re4+ 35. f4 Bxg5+ 36. Qxg5 N@f3+ 37. Kh5 P@g6+ 38. Qxg6 fxg6# 
{Eyefor checkmated} 0-1

[Event "fics rated crazyhouse match"]
[Site "fics, Oklahoma City, OK USA"]
[Date "2000.03.28"]
[White "LordPixel"]
[WhiteElo "2344"]
[Black "Eyefor"]
[BlackElo "2315"]
[TimeControl "60+0"]
[Result "1-0"]

1. e4 Nf6 2. e5 Nd5 3. d4 Nc6 4. Bc4 e6 5. Bxd5 exd5 6. Nc3 
d6 7. N@g5 dxe5 8. dxe5 Nxe5 9. P@f4 P@b4 10. Qxd5 Qxd5 11. Nxd5 Q@d7 
12. Q@a5 P@b6 13. Nxc7+ Qxc7 14. Qxe5+ Qxe5+ 15. fxe5 Q@c7 16. Q@e2 N@d4 17. N@d6+ 
Qxd6 18. exd6+ Nxe2 19. Q@e5+ N@e6 20. Nxe2 Bxd6 21. Qxd6 Q@c6 22. Qxc6# 
{Eyefor forfeits on time} 1-0

[Event "fics rated crazyhouse match"]
[Site "fics, Oklahoma City, OK USA"]
[Date "2000.03.28"]
[White "Eyefor"]
[WhiteElo "2308"]
[Black "LordPixel"]
[BlackElo "2351"]
[TimeControl "0+1"]
[Result "0-1"]

1. e4 e6 2. d4 d5 3. exd5 exd5 4. Bb5+ c6 5. Qe2+ Be7 6. Bf4 
cxb5 7. Qxb5+ B@c6 8. Qe2 Qa5+ 9. Nc3 P@a3 10. Bxb8 axb2 11. P@d7+ B8xd7 
12. N@d6+ Kf8 13. Rb1 Qxc3+ 14. Qd2 Qxd2+ 15. Kxd2 Q@f4+ 16. Q@e3 P@c3+ 17. Kxc3 
Qxe3+ 18. fxe3 Rxb8 19. P@c7 N@a4+ 20. Kd2 B@a5+ 21. Ke2 Bxc7 22. Nxf7 Q@h5+ 
23. Ke1 P@d2+ 24. Kf1 d1=Q+ 25. Rxd1 Qxd1+ 26. Q@e1 Qxe1+ 27. Kxe1 b1=Q+ 28. Q@d1 
Qxd1+ 29. Kxd1 Q@f1+ 30. Kd2 Q@c1# 
{Eyefor checkmated} 0-1

[Event "fics rated crazyhouse match"]
[Site "fics, Oklahoma City, OK USA"]
[Date "2000.03.28"]
[White "LordPixel"]
[WhiteElo "2358"]
[Black "Eyefor"]
[BlackElo "2301"]
[TimeControl "60+0"]
[Result "1-0"]

1. e4 e6 2. d4 d6 3. Nf3 Nf6 4. Nc3 Nc6 5. d5 exd5 6. exd5 
Nb4 7. Be2 Qe7 8. O-O Bg4 9. Be3 Bxf3 10. Bxf3 N@f5 11. B@a4+ Kd8 
12. Bg5 P@h6 13. Bxf6 gxf6 14. P@d7 B@e5 15. N@a5 Rb8 16. a3 Bxc3 17. bxc3 
N@b2 18. axb4 Nxd1 19. N@c6+ bxc6 20. Nxc6+ Kxd7 21. Nxe7+ Q@b5 22. P@c6+ Qxc6 
23. Bxc6+ Kxe7 24. Q@d7# 
{Eyefor checkmated} 1-0

[Event "fics rated crazyhouse match"]
[Site "fics, Oklahoma City, OK USA"]
[Date "2000.03.28"]
[White "LordPixel"]
[WhiteElo "2355"]
[Black "Eyefor"]
[BlackElo "2304"]
[TimeControl "0+1"]
[Result "0-1"]

1. e4 e6 2. d4 d6 3. Nf3 Nf6 4. Bd3 Nc6 5. c3 e5 6. d5 
Nb8 7. h3 Nbd7 8. Be3 Be7 9. Na3 h5 10. Qe2 h4 11. Nb5 a6 
12. Na3 Nh5 13. Qd2 Nhf6 14. Nc4 b5 15. Na5 Nb8 16. Ng5 Rf8 17. Nc6 
Nxc6 18. dxc6 N@c4 19. Bxc4 bxc4 20. N@b7 Bxb7 21. cxb7 N@d3+ 22. Qxd3 cxd3 
23. B@c6+ Nd7 24. Bxd7+ Kxd7 25. N@c1 Bxg5 26. bxa8=Q N@c2+ 27. Kd1 Nxe3+ 28. fxe3 
Q@c2+ 29. Ke1 B@f2+ 30. Kf1 Qd1+ 31. Kxf2 B@g3# 
{LordPixel checkmated} 0-1

[Event "fics rated crazyhouse match"]
[Site "fics, Oklahoma City, OK USA"]
[Date "2000.03.28"]
[White "Eyefor"]
[WhiteElo "2313"]
[Black "LordPixel"]
[BlackElo "2346"]
[TimeControl "0+1"]
[Result "0-1"]

1. e4 e6 2. d4 d6 3. Nf3 Nf6 4. Bd3 Be7 5. Nc3 Nc6 6. Bf4 
Ng4 7. Bb5 Bd7 8. h3 Nxf2 9. Kxf2 P@g5 10. Be3 a6 11. Bxc6 Bxc6 
12. Ke1 B@g3+ 13. N@f2 Bxf2+ 14. Bxf2 N@c4 15. b3 Nb6 16. N@a5 Qd7 17. B@e3 
h6 18. Nxc6 Qxc6 19. B@b2 N@f4 20. Bxf4 gxf4 21. N@a5 Qd7 22. Nxb7 Ra7 
23. Na5 B@e3 24. Bxe3 fxe3 25. B@c6 O-O 26. Bxd7 B@f2+ 27. Ke2 Nxd7 28. Nc6 
Bd8 29. Nxa7 B@b6 30. Q@b7 Bxa7 31. P@h7+ Kxh7 32. R@g4 Bb6 33. Qc8 N@b8 
34. Rf1 P@g3 35. Rxf2 gxf2 36. Kxe3 Bg5+ 37. Nxg5+ hxg5 38. Qxf8 Nxf8 39. Kxf2 
Q@f6+ 40. R@f3 Bxd4+ 41. Ke2 Qxf3+ 42. gxf3 R@f2+ 43. Kd3 R@d2+ 44. Qxd2 N@e5+ 
45. Kxd4 Rxd2+ 46. P@d3 Q@c5# 
{Eyefor checkmated} 0-1

[Event "fics rated crazyhouse match"]
[Site "fics, Oklahoma City, OK USA"]
[Date "2000.03.28"]
[White "LordPixel"]
[WhiteElo "2353"]
[Black "spurs"]
[BlackElo "2246"]
[TimeControl "60+0"]
[Result "1-0"]

1. e4 e6 2. d4 d5 3. exd5 exd5 4. Bb5+ Bd7 5. Qe2+ Qe7 6. Bxd7+ 
Nxd7 7. Bf4 Qxe2+ 8. Nxe2 Bb4+ 9. Nbc3 Ngf6 10. Bxc7 P@d2+ 11. Kf1 B@c1 
12. Q@e3+ Ne4 13. Rxc1 dxc1=Q+ 14. Qxc1 Bxc3 15. Nxc3 N@d2+ 16. Ke1 Nxc3 17. bxc3 
Ne4 18. N@f5 R@d2 19. Nxg7+ Kf8 20. B@e7+ Kxg7 21. B@h6+ Kg6 22. Bxd2 N@h4 
23. P@h5+ Kxh5 24. R@h6+ Kg4 25. B@h3# 
{spurs checkmated} 1-0

[Event "fics rated crazyhouse match"]
[Site "fics, Oklahoma City, OK USA"]
[Date "2000.03.28"]
[White "LordPixel"]
[WhiteElo "2359"]
[Black "Eyefor"]
[BlackElo "2306"]
[TimeControl "0+1"]
[Result "0-1"]

1. e4 e6 2. d4 d5 3. exd5 exd5 4. Bb5+ c6 5. Qe2+ Qe7 6. Bf4 
cxb5 7. Qxe7+ Bxe7 8. Q@c7 Bb4+ 9. Nc3 Bxc3+ 10. bxc3 Q@e6+ 11. P@e5 P@b2 
12. Rb1 B@b6 13. Qxb8 Rxb8 14. N@d6+ Kf8 15. Rxb2 N@c4 16. Nxc4 Q@a1+ 17. N@d1 
bxc4 18. B@d6+ Qxd6 19. exd6 Bg4 20. P@e7+ Nxe7 21. dxe7+ Kg8 22. N@e3 P@d2+ 
23. Kxd2 N@e4+ 24. Ke1 B@d2+ 25. Kf1 Bxe3 26. Bxb8 N@d2+ 27. Ke1 Bxf2# 
{LordPixel checkmated} 0-1

[Event "fics rated crazyhouse match"]
[Site "fics, Oklahoma City, OK USA"]
[Date "2000.03.28"]
[White "Eyefor"]
[WhiteElo "2315"]
[Black "LordPixel"]
[BlackElo "2350"]
[TimeControl "0+1"]
[Result "1-0"]

1. e4 e6 2. d4 d6 3. Nc3 Nf6 4. Nf3 Be7 5. Be2 Nc6 6. Bg5 
O-O 7. Bxf6 Bxf6 8. N@h5 B@e7 9. Nxf6+ Bxf6 10. Qd2 N@h4 11. Nxh4 Bxh4 
12. N@h5 N@b4 13. d5 Bxf2+ 14. Kxf2 P@e3+ 15. Kxe3 Qg5+ 16. P@f4 Qxg2 17. dxc6 
P@d4+ 18. Kxd4 Nxc6+ 19. Kd3 Nb4+ 20. Ke3 P@d4+ 21. Kxd4 Nxc2+ 22. Qxc2 P@f3 
23. N@e3 Qf2 24. B@g3 Qxg3 25. Nxg3 fxe2 26. N@e7+ Kh8 27. Kd3 B@a6+ 28. P@c4 
B@f6 29. Nxc8 e1=Q 30. Rhxe1 Raxc8 31. Kd2 N@d4 32. Qd1 e5 33. fxe5 dxe5 
34. P@d7 P@f4 35. dxc8=Q fxe3+ 36. Rxe3 Rxc8 37. P@d7 Rg8 38. P@c2 P@f4 39. R@c8 
fxe3+ 40. Kc1 R@d2 41. Rxg8+ Kxg8 42. R@e8+ R@f8 43. Rxf8+ Kxf8 44. R@e8# 
{LordPixel checkmated} 1-0

[Event "fics rated crazyhouse match"]
[Site "fics, Oklahoma City, OK USA"]
[Date "2000.03.28"]
[White "LordPixel"]
[WhiteElo "2341"]
[Black "Eyefor"]
[BlackElo "2324"]
[TimeControl "0+1"]
[Result "1-0"]

1. e4 e6 2. d4 d6 3. Nc3 Nf6 4. Nf3 Be7 5. Bd3 Nc6 6. Be3 
Ng4 7. Bd2 Nb4 8. Bb5+ c6 9. Be2 d5 10. exd5 exd5 11. P@h3 Nxf2 
12. Kxf2 P@e4 13. Ne5 P@f6 14. Nxf7 Kxf7 15. Bh5+ Kf8 16. N@f7 N@d3+ 17. cxd3 
Nxd3+ 18. Kf1 Qb6 19. Nxh8 Bxh3 20. R@f7+ Kg8 21. gxh3 Kxh8 22. Rxe7 P@g2+ 
23. Kxg2 N@h4+ 24. Kf1 P@g2+ 25. Ke2 gxh1=Q 26. N@f7+ Kg8 27. Qxh1 R@g2+ 28. Qxg2 
Nf4+ 29. Kd1 Kf8 30. Qxg7+ Kxg7 31. B@h6+ Kg8 32. R@h8# 
{Eyefor checkmated} 1-0

[Event "fics rated crazyhouse match"]
[Site "fics, Oklahoma City, OK USA"]
[Date "2000.03.28"]
[White "Eyefor"]
[WhiteElo "2316"]
[Black "LordPixel"]
[BlackElo "2349"]
[TimeControl "60+0"]
[Result "0-1"]

1. e4 e6 2. d4 d6 3. Nf3 Nf6 4. Bd3 Be7 5. Nc3 Nc6 6. Bb5 
Ng4 7. d5 exd5 8. exd5 Nxf2 9. Kxf2 P@a6 10. Bxc6+ bxc6 11. dxc6 P@b7 
12. P@d7+ Bxd7 13. cxb7 Rb8 14. N@h5 Rg8 15. N@g5 B@g6 16. Nxg7+ Rxg7 17. Qd4 
N@g4+ 18. Kf1 P@e5 19. Qxa7 Bxc2 20. Nxf7 Rxf7 21. Qxa6 P@h3 22. P@a7 hxg2+ 
23. Kxg2 Rxf3 24. Kxf3 N@d4+ 25. Kg2 N@h4+ 26. Kg1 Ndf3+ 27. Kf1 Bd3+ 28. Qxd3 
P@g2+ 29. Ke2 gxh1=Q 30. P@f7+ Kxf7 31. axb8=Q R@e1# 
{Eyefor checkmated} 0-1

[Event "fics rated crazyhouse match"]
[Site "fics, Oklahoma City, OK USA"]
[Date "2000.03.28"]
[White "LordPixel"]
[WhiteElo "2356"]
[Black "Eyefor"]
[BlackElo "2309"]
[TimeControl "60+0"]
[Result "1-0"]

1. e4 Nf6 2. Nc3 e6 3. e5 Nd5 4. d4 Bb4 5. Bd2 Bxc3 6. bxc3 
Nc6 7. Nf3 N@e4 8. B@h4 Nce7 9. Bxe7 Qxe7 10. N@b5 B@a5 11. c4 Bxd2+ 
12. Nxd2 B@a5 13. cxd5 Nxd2 14. Nxc7+ Bxc7 15. d6 N@b2 16. Qxd2 Bxd6 17. exd6 
Qxd6 18. N@e4 Qc7 19. N@d6+ Kf8 20. Nxc8 P@e7 21. Nxe7 P@e2 22. Bxe2 N@f4 
23. P@d6 Nxg2+ 24. Kf1 P@c3 25. Qg5 Qb6 26. B@c5 Qd8 27. Qxg2 Rg8 28. Nxc3 
b6 29. Ba3 e5 30. Nxg8 Kxg8 31. N@h6+ Kh8 32. Nxf7+ Kg8 33. Nxd8 Rxd8 
34. P@f7+ Kh8 35. R@e8+ Rxe8 36. fxe8=Q+ R@g8 37. Qxg8+ Kxg8 38. R@e8+ N@f8 39. Rxf8+ 
Kxf8 40. Q@e7+ Kg8 41. Qgxg7# 
{Eyefor checkmated} 1-0

[Event "fics rated crazyhouse match"]
[Site "fics, Oklahoma City, OK USA"]
[Date "2000.03.28"]
[White "Eyefor"]
[WhiteElo "2302"]
[Black "LordPixel"]
[BlackElo "2363"]
[TimeControl "60+0"]
[Result "1-0"]

1. e4 e6 2. d4 d5 3. exd5 exd5 4. Bb5+ Nc6 5. Qe2+ Qe7 6. Bf4 
Qxe2+ 7. Nxe2 Bb4+ 8. Nbc3 Ba5 9. P@a6 Bxc3+ 10. Nxc3 Q@e7+ 11. B@e5 N@h4 
12. Q@g3 Nf5 13. axb7 Bxb7 14. Nxd5 Nxg3 15. Bxc6+ Bxc6 16. Nxc7+ Qxc7 17. hxg3 
Qa5+ 18. Bd2 Q@e4+ 19. N@e3 Qexe5 20. dxe5 Qxe5 21. N@c4 Qb8 22. P@d5 Bb7 
23. Q@e4+ Ne7 24. Rxh7 Rxh7 25. P@d7+ Kxd7 26. Qxh7 R@g1+ 27. R@f1 Rxf1+ 28. Kxf1 
P@e2+ 29. Kxe2 N@d4+ 30. Ke1 R@e2+ 31. Kd1 Nxd5 32. Qxg7 Rxd2+ 33. Kxd2 B@b4+ 
34. P@c3 Bxc3+ 35. bxc3 P@b2 36. Qxf7+ Kc8 37. R@d8+ Kxd8 38. R@e8# 
{LordPixel checkmated} 1-0

[Event "fics rated crazyhouse match"]
[Site "fics, Oklahoma City, OK USA"]
[Date "2000.03.28"]
[White "LordPixel"]
[WhiteElo "2354"]
[Black "Eyefor"]
[BlackElo "2311"]
[TimeControl "0+1"]
[Result "1-0"]

1. e4 e6 2. d4 d6 3. Nf3 Nf6 4. Nc3 Nc6 5. d5 exd5 6. exd5 
Nb4 7. Be2 Qe7 8. O-O Bg4 9. Be3 Bxf3 10. Bxf3 N@f5 11. B@a4+ P@c6 
12. dxc6 bxc6 13. Bfxc6+ Nxc6 14. Bxc6+ B@d7 15. Bxa8 Nxe3 16. fxe3 Qxe3+ 17. P@f2 
Qb6 18. N@c4 Qb8 19. R@e2+ P@e5 20. N@a6 Qc8 21. P@b7 B@d8 22. bxc8=Q Bxc8 
23. Q@c6+ Bd7 24. Nxc7+ Bxc7 25. Qxc7 N@c8 26. P@b7 Nb6 27. b8=Q+ Nc8 28. Qbxc8+ 
Bxc8 29. Qxc8+ Ke7 30. Qxd6# 
{Eyefor checkmated} 1-0

[Event "fics rated crazyhouse match"]
[Site "fics, Oklahoma City, OK USA"]
[Date "2000.03.28"]
[White "Eyefor"]
[WhiteElo "2304"]
[Black "LordPixel"]
[BlackElo "2361"]
[TimeControl "60+0"]
[Result "0-1"]

1. e4 e6 2. d4 d5 3. exd5 exd5 4. Bb5+ Nc6 5. Qe2+ Qe7 6. Bf4 
Qxe2+ 7. Nxe2 Bb4+ 8. Nbc3 Ba5 9. P@a6 Bxc3+ 10. Nxc3 Q@e7+ 11. B@e5 N@b4 
12. axb7 Bxb7 13. Kd1 P@a3 14. bxa3 P@b2 15. Rb1 Nxc2 16. Kxc2 Qxa3 17. Rxb2 
P@d3+ 18. Bxd3 Nxe5 19. Bxe5 B@d2 20. Rb3 Qxb3+ 21. axb3 Bxc3 22. Q@b5+ N@c6 
23. Qxb7 Nxe5 24. Qxa8+ R@d8 25. Qxd8+ Kxd8 26. R@e8+ Kxe8 27. R@f8+ Kxf8 28. Q@c5+ 
B@d6 29. Qxc3 Q@a2+ 30. P@b2 Nxd3 31. Qxd3 R@c6+ 32. P@c5 P@e4 33. N@d7+ Ke8 
34. Qb5 R@c3+ 35. Kxc3 Ne7 36. R@a4 Qxa4 37. Qxa4 Kxd7 38. Kd2 R@d3+ 39. Kc1 
N@e2+ 40. Kb1 Rxd4 41. cxd6 P@c2+ 42. Ka1 Rxa4+ 43. bxa4 c1=Q+ 44. R@b1 Qxh1 
45. N@e5+ Kxd6 46. Nxf7+ Kd7 
{Eyefor forfeits on time} 0-1

[Event "fics rated crazyhouse match"]
[Site "fics, Oklahoma City, OK USA"]
[Date "2000.03.28"]
[White "LordPixel"]
[WhiteElo "2368"]
[Black "Eyefor"]
[BlackElo "2297"]
[TimeControl "60+0"]
[Result "0-1"]

1. d4 e6 2. Nc3 d6 3. e4 Nf6 4. Nf3 Nc6 5. Bb5 Ng4 6. Ng5 
Nxf2 7. Kxf2 P@f6 8. Nf3 a6 9. Bxc6+ bxc6 10. Ke1 B@g4 11. N@c4 d5 
12. Ne3 dxe4 13. Nxg4 exf3 14. Qxf3 N@b4 15. B@e4 P@d5 16. Bd3 h5 17. Nf2 
e5 18. dxe5 fxe5 19. P@g6 Be6 20. N@b7 Qc8 21. gxf7+ Bxf7 22. P@g6 Be6 
23. Na5 Nxd3+ 24. Qxd3 P@b7 25. P@f7+ Kd8 26. N@g5 Bd7 27. Qe2 P@f6 28. Nh7 
Bb4 29. Qxh5 d4 30. P@e7+ Bxe7 31. Nce4 f5 32. Neg5 B@b4+ 33. Ke2 Bxa5 
34. Kf1 P@d2 35. Bxd2 Bxd2 36. f8=Q+ Rxf8 37. Nxf8 B@b5+ 38. R@d3 Bexg5 39. Nxd7 
Qxd7 40. Qh8+ N@e8 41. B@e2 P@c4 42. Rxd2 Bxd2 
{LordPixel forfeits on time} 0-1

[Event "fics rated crazyhouse match"]
[Site "fics, Oklahoma City, OK USA"]
[Date "2000.03.28"]
[White "LordPixel"]
[WhiteElo "2349"]
[Black "Eyefor"]
[BlackElo "2316"]
[TimeControl "0+1"]
[Result "0-1"]

1. e4 e6 2. d4 d6 3. Nc3 Nf6 4. Nf3 Be7 5. Be2 Nc6 6. Be3 
Ng4 7. O-O e5 8. d5 Nb8 9. Qd2 Nxe3 10. Qxe3 B@f4 11. Qd3 a6 
12. N@h5 Bh6 13. Qd1 Bg4 14. Nd2 Bxh5 15. Bxh5 Bxd2 16. Qxd2 N@c4 17. Qc1 
N@f4 18. B@a4+ c6 19. B@b3 Nxh5 20. Bxc4 B@f4 21. dxc6 Nxc6 22. Bxc6+ bxc6 
23. N@b7 Qb8 24. Qd1 Bxh2+ 25. Kxh2 Nf4 26. Nxd6+ Bxd6 27. Kg1 P@h2+ 28. Kh1 
N@a5 29. Bxf7+ Kxf7 30. N@d7 Qc7 31. P@c5 Qxd7 32. Qxd6 Qxd6 33. cxd6 Nxg2 
34. Kxg2 N@f4+ 35. Kf3 Q@g2+ 36. Ke3 Nc4# 
{LordPixel checkmated} 0-1

[Event "fics rated crazyhouse match"]
[Site "fics, Oklahoma City, OK USA"]
[Date "2000.03.28"]
[White "Eyefor"]
[WhiteElo "2325"]
[Black "LordPixel"]
[BlackElo "2340"]
[TimeControl "60+0"]
[Result "1-0"]

1. e4 e6 2. d4 d5 3. exd5 exd5 4. Bb5+ Bd7 5. Qe2+ Qe7 6. Bxd7+ 
Nxd7 7. Bf4 Qxe2+ 8. Nxe2 Bb4+ 9. Nbc3 Ba5 10. B@h3 Ngf6 11. P@e5 Bxc3+ 
12. Nxc3 N@b4 13. exf6 Nxc2+ 14. Kd2 Nxf6 15. B@a4+ P@c6 16. Bxc2 Q@b4 17. Q@e5+ 
B@e7 18. N@f5 P@d3 19. Nxe7 P@d6 20. Nxd5+ dxe5 21. Nxb4 dxc2 22. Bxe5 Q@h4 
23. Q@e2 Qxh3 24. Bxf6+ B@e3+ 25. fxe3 Qh6 26. P@d7+ Kxd7 27. N@c5+ Ke8 28. P@d7+ 
Kf8 29. Bxg7+ Qxg7 30. N@e6+ fxe6 31. Nxe6+ Kg8 32. Nxg7 Kxg7 33. Q@e7+ P@f7 
34. B@e5+ Kg8 35. d8=R+ Rxd8 36. Qxd8# 
{LordPixel forfeits on time} 1-0

[Event "fics rated crazyhouse match"]
[Site "fics, Oklahoma City, OK USA"]
[Date "2000.03.28"]
[White "LordPixel"]
[WhiteElo "2332"]
[Black "Eyefor"]
[BlackElo "2333"]
[TimeControl "60+0"]
[Result "0-1"]

1. e4 e6 2. d4 d6 3. Nf3 Nf6 4. Bd3 Be7 5. e5 Nd5 6. O-O 
Nc6 7. exd6 Bxd6 8. P@e5 Bb4 9. a3 Be7 10. h3 P@f5 11. Bd2 Bd7 
12. Bc4 Rb8 13. Bxd5 exd5 14. Nc3 B@h5 15. N@b5 Be6 16. Ne2 Bxf3 17. gxf3 
a6 18. Nbc3 N@c4 19. Ra2 Nxd2 20. Qxd2 B@h5 21. B@g2 Bg6 22. Nf4 Bg5 
23. N@c5 h5 24. Ncxe6 fxe6 25. B@e3 N@c4 26. Nxe6 Nxd2 27. Nxd8 Bxd8 28. Bxd2 
Nxd4 29. Q@a4+ N@c6 30. Nxd5 Ne2+ 31. Kh1 P@b5 32. P@d7+ Kxd7 33. N@c5+ Ke8 
34. P@d7+ Kf8 35. Ne6+ Kg8 36. Qb3 Nxe5 37. Ndxc7 Bxc7 38. Nxc7+ N@c4 39. P@a7 
Rd8 40. a8=Q Rxa8 41. B@e6+ P@f7 42. Nxa8 fxe6 43. d8=Q+ B@e8 44. Re1 P@a4 
45. Qxc4 Nxc4 46. N@e7+ Kh7 
{LordPixel forfeits on time} 0-1

[Event "fics rated crazyhouse match"]
[Site "fics, Oklahoma City, OK USA"]
[Date "2000.03.28"]
[White "LordPixel"]
[WhiteElo "2332"]
[Black "Eyefor"]
[BlackElo "2333"]
[TimeControl "60+0"]
[Result "0-1"]

1. e4 Nf6 2. Nc3 d5 3. exd5 Nxd5 4. Nf3 e6 5. d4 Bb4 6. Bd2 
Bxc3 7. Bxc3 Nxc3 8. bxc3 P@b2 9. Bb5+ c6 10. Rb1 cxb5 11. N@h5 Rg8 
12. Rxb2 N@a4 13. Rb3 B@g4 14. Qd3 Bxf3 15. Qxh7 Bxh5 16. Qxg8+ N@f8 17. R@h8 
B@d2+ 18. Kxd2 Qg5+ 19. P@e3 N@e4+ 20. Ke1 Nd7 21. Rxh5 Qxg2 22. Rf1 P@d2+ 
23. Ke2 Naxc3+ 24. Rxc3 P@f3+ 25. Kd3 Qxf1+ 26. Kxe4 Nf6+ 27. Kf4 R@e4+ 28. Kxf3 
d1=Q+ 29. P@e2 Qdxe2+ 30. Kg3 Nxh5# 
{LordPixel checkmated} 0-1

[Event "fics rated crazyhouse match"]
[Site "fics, Oklahoma City, OK USA"]
[Date "2000.03.28"]
[White "Eyefor"]
[WhiteElo "2341"]
[Black "LordPixel"]
[BlackElo "2324"]
[TimeControl "0+1"]
[Result "0-1"]

1. e4 e6 2. d4 d5 3. exd5 exd5 4. Bb5+ c6 5. Qe2+ Qe7 6. Bf4 
cxb5 7. Qxe7+ Bxe7 8. Q@c7 Bb4+ 9. Nc3 Q@e6+ 10. Kd1 B@b6 11. Qe5 Qxe5 
12. Bxe5 Bxc3 13. bxc3 Q@f1+ 14. Q@e1 N@b2+ 15. Kd2 Nc4+ 16. Kd1 Nb2+ 17. Kd2 
Nc4+ 18. Kd1 Nb2+ 19. Kd2 Nc4+ 20. Kd1 Qxe1+ 21. Kxe1 Q@d2+ 22. Kf1 Nxe5 
23. Q@d6 Ng4 24. B@e1 Qxc2 25. h3 P@b2 26. Rb1 B@c4+ 27. P@e2 Nxf2 28. Qe5+ 
Kf8 29. Rxb2 Qxb2 30. Bxf2 R@d1+ 31. N@e1 P@d2 32. Nf3 dxe1=N 33. Bxe1 Bxe2+ 
34. Qxe2 N@g3+ 35. Kf2 Nxh1+ 36. Kg1 Qxe2 37. B@a3+ Ke8 38. P@d7+ Bxd7 39. Kxh1 
Q@f1+ 40. N@g1 Qfxg2# 
{Eyefor checkmated} 0-1

[Event "fics rated crazyhouse match"]
[Site "fics, Oklahoma City, OK USA"]
[Date "2000.03.28"]
[White "LordPixel"]
[WhiteElo "2332"]
[Black "Eyefor"]
[BlackElo "2333"]
[TimeControl "60+0"]
[Result "1-0"]

1. e4 e6 2. d4 d5 3. exd5 exd5 4. Bb5+ c6 5. Qe2+ Qe7 6. Bf4 
cxb5 7. Qxe7+ Bxe7 8. Nc3 Nc6 9. P@d6 Nxd4 10. Q@d3 Q@c4 11. dxe7 Qxd3 
12. cxd3 Nc2+ 13. Kd2 Nxe7 14. Kxc2 B@a4+ 15. Nxa4 P@c7 16. Nc5 P@d6 17. Q@b3 
dxc5 18. Qxb5+ P@c6 19. P@d7+ Kxd7 20. N@e5+ Ke8 21. Qxc5 Q@a4+ 22. Kb1 Qxf4 
23. Ngf3 P@d6 24. Qa5 dxe5 25. Qxc7 N@d2+ 26. Nxd2 Qxd2 27. N@d6+ Kf8 28. Qd8+ 
N@e8 29. Qxe8# 
{Eyefor checkmated} 1-0

[Event "fics rated crazyhouse match"]
[Site "fics, Oklahoma City, OK USA"]
[Date "2000.03.28"]
[White "LordPixel"]
[WhiteElo "2332"]
[Black "Eyefor"]
[BlackElo "2333"]
[TimeControl "60+0"]
[Result "1-0"]

1. e4 Nf6 2. Nc3 d5 3. exd5 Nxd5 4. Nf3 e6 5. d4 Bb4 6. Bd2 
Nxc3 7. bxc3 N@b2 8. Qb1 Ba3 9. N@b5 Qe7 10. P@d6 Bxd6 11. Qxb2 P@a3 
12. Qb1 P@b2 13. N@h5 bxa1=Q 14. Nxg7+ Kf8 15. Qxa1 Kxg7 16. P@e5 Bxe5 17. Nxe5 
P@b2 18. Qd1 Kg8 19. B@b4 R@a1 20. Bxe7 Rxd1+ 21. Kxd1 Q@b1+ 22. Ke2 N@c1+ 
23. Ke3 h6 24. Q@e8+ Kh7 25. Qxf7# 
{Eyefor checkmated} 1-0

[Event "fics rated crazyhouse match"]
[Site "fics, Oklahoma City, OK USA"]
[Date "2000.03.28"]
[White "Eyefor"]
[WhiteElo "2325"]
[Black "LordPixel"]
[BlackElo "2340"]
[TimeControl "60+0"]
[Result "0-1"]

1. e4 e6 2. d4 Nc6 3. d5 exd5 4. exd5 Qe7+ 5. Qe2 Nb4 6. P@e4 
P@f5 7. a3 Qxe4 8. axb4 Bxb4+ 9. c3 Bd6 10. Qxe4+ fxe4 11. N@f5 Q@e5 
12. Bg5 Ne7 13. Bxe7 Bxe7 14. N@b5 B@b6 15. Nxe7 Qxe7 16. Q@d2 N@b3 17. Qf4 
P@c2 18. Nd2 Nxa1 19. Nxc7+ Bxc7 20. Qxc7 c1=Q+ 21. B@d1 N@c2+ 22. Ke2 R@e1# 
{Eyefor checkmated} 0-1

[Event "fics rated crazyhouse match"]
[Site "fics, Oklahoma City, OK USA"]
[Date "2000.03.28"]
[White "LordPixel"]
[WhiteElo "2348"]
[Black "Eyefor"]
[BlackElo "2317"]
[TimeControl "60+0"]
[Result "1-0"]

1. e4 e6 2. d4 d5 3. exd5 exd5 4. Bb5+ c6 5. Qe2+ Be7 6. Bf4 
cxb5 7. Qxb5+ B@c6 8. Qb3 Na6 9. P@b5 Qa5+ 10. Kd1 Qxb5 11. Qxb5 Bxb5 
12. P@e2 Q@f1+ 13. Q@e1 Qxg2 14. Nf3 P@e4 15. Ne5 Bb4 16. Qg1 P@f3 17. Kc1 
Qxg1+ 18. Rxg1 Bxe2 19. Nxf3 exf3 20. Q@e5+ N@e6 21. P@h6 P@f6 22. hxg7 fxe5 
23. gxh8=Q exf4 24. Rxg8+ B@f8 25. N@f6+ Kd8 26. Rxf8+ Nxf8 27. P@e7+ Bxe7 28. R@e8+ 
Kc7 29. Rxe7+ Kb8 30. B@e5+ P@c7 31. B@d1 R@e1 32. Nc3 Bxd1 33. Bxc7+ Nxc7 
34. Rxe1 Bxc2 35. Qxf8 P@d2+ 36. Kxd2 Q@h4 37. Nd7# 
{Eyefor checkmated} 1-0

[Event "fics rated crazyhouse match"]
[Site "fics, Oklahoma City, OK USA"]
[Date "2000.03.28"]
[White "LordPixel"]
[WhiteElo "2346"]
[Black "Eyefor"]
[BlackElo "2319"]
[TimeControl "0+1"]
[Result "0-1"]

1. e4 Nf6 2. Nc3 d5 3. exd5 Nxd5 4. Nf3 e6 5. d4 Nxc3 6. bxc3 
P@e4 7. Bb5+ c6 8. Bg5 Qc7 9. Be2 exf3 10. Bxf3 N@b2 11. Qb1 N@c4 
12. P@b3 Bd7 13. bxc4 Nxc4 14. P@b3 Na3 15. Qc1 P@f6 16. Be3 Nb5 17. Qd2 
e5 18. dxe5 fxe5 19. N@c5 Bxc5 20. Bxc5 P@b2 21. Rb1 N@e6 22. N@e4 Nxc5 
23. Nxc5 B@a3 24. Nxd7 Qxd7 25. Qxd7+ Nxd7 26. P@e7 Nxc3 27. Q@c7 Q@c1+ 28. Rxc1 
bxc1=Q+ 29. Q@d1 P@d2+ 30. Kf1 Qxd1+ 31. Bxd1 R@e1# 
{LordPixel checkmated} 0-1

[Event "fics rated crazyhouse match"]
[Site "fics, Oklahoma City, OK USA"]
[Date "2000.03.28"]
[White "Eyefor"]
[WhiteElo "2328"]
[Black "LordPixel"]
[BlackElo "2337"]
[TimeControl "0+1"]
[Result "0-1"]

1. e4 e6 2. d4 d6 3. Nc3 Nf6 4. Nf3 Be7 5. Be2 Nc6 6. Bg5 
O-O 7. Bxf6 Bxf6 8. N@h5 B@e7 9. Nxf6+ Bxf6 10. Qd2 N@h4 11. Nxh4 Bxh4 
12. N@h5 N@b4 13. d5 Bxf2+ 14. Kxf2 P@e3+ 15. Kxe3 Qg5+ 16. P@f4 Qxg2 17. dxc6 
P@d4+ 18. Kxd4 Nxc6+ 19. Kd3 Nb4+ 20. Ke3 P@d4+ 21. Kxd4 Nxc2+ 22. Qxc2 P@f3 
23. N@e3 Qf2 24. B@g3 Qxe2 25. N@e7+ Kh8 26. Nxe2 fxe2 27. Nxg7 N@f6 28. Qxc7 
B@d8 29. Qxd6 Bxe7 30. Qxe7 N@c6+ 31. Kd3 Nxe7 32. Kxe2 Nxe4 33. Q@d4 P@f3+ 
34. Kd1 Q@d7 35. B@e5 Qxd4+ 36. Kc1 Q@d2+ 37. Kb1 Q2xb2# 
{Eyefor checkmated} 0-1

[Event "fics rated crazyhouse match"]
[Site "fics, Oklahoma City, OK USA"]
[Date "2000.03.28"]
[White "LordPixel"]
[WhiteElo "2345"]
[Black "Eyefor"]
[BlackElo "2320"]
[TimeControl "60+0"]
[Result "1-0"]

1. e4 e6 2. d4 d6 3. Nf3 Nf6 4. Bd3 Be7 5. e5 Ng4 6. Qe2 
Nc6 7. exd6 Bxd6 8. h3 Nxf2 9. Qxf2 P@g3 10. Qd2 P@f2+ 11. Kd1 Nb4 
12. N@h5 Nxd3 13. Nxg7+ Kf8 14. cxd3 B@f6 15. P@h6 e5 16. P@c5 exd4 17. cxd6 
Qxd6 18. B@f4 P@e5 19. Bxg3 P@e3 20. Qe2 Rg8 21. N@e4 Qc6 22. P@b5 Qb6 
23. Nxf6 Qxf6 24. B@c5+ N@d6 25. Bxe5 Qxh6 26. Bcxd4 P@f4 27. P@g5 Qg6 28. P@h5 
Qxg7 29. Bxg7+ Ke8 30. Bcxe3 fxe3 31. Qxe3+ N@e6 32. P@d5 Nf5 33. Qe4 Nxg7 
34. dxe6 Nxe6 35. N@f6+ Kd8 36. P@e7+ Kxe7 37. Nd5+ Kf8 38. Q@e7# 
{Eyefor checkmated} 1-0